Map: 2000 Atmospheres LE

Players

Matador - Winner!

  • Race: Zerg Zerg
  • League: Silver

Throwfordays

  • Race: Terran Terran
  • League: Gold

VOD

Have the link to the VOD?

Description

Time

  • Played on: June 19, 2021, 11:43 p.m.
  • Length: 16:32
Show
View Real Time Build Order
Export as new Build Order

Matador Zerg - Winner!

Build Orders: Hatch First 

Get SALT Encoding   

  12  0:00  Drone  
  13  0:09  Drone  
  14  0:40  Hatchery, Drone  
  14  0:57  Spawning Pool  
  14  1:00  Drone  
  14  1:09  Overlord  
  14  1:16  Extractor  
  14  1:17  Drone  
  14  1:28  Drone x2  
  16  1:44  Zergling x2  
  16  1:45  Zergling x2  
  18  1:51  Queen  
  18  1:53  Drone  
  21  2:00  Roach Warren  
  20  2:04  Drone  
  21  2:09  Zergling x2  
  21  2:15  Zergling x2  
  23  2:28  Spine Crawler  
  22  2:44  Overlord  
  22  2:45  Queen  
  22  2:50  Drone x2  
  26  2:56  Lair  
  26  3:00  Extractor  
  26  3:02  Drone  
  26  3:41  Drone x2  
  26  3:42  Drone  
  28  4:38  Spire  
  28  4:44  Drone x3  
  28  4:45  Queen, Hatchery  
  31  5:04  Hatchery  
  30  5:11  Drone x2  
  32  5:25  Burrow  
  32  5:27  Overlord  
  32  5:39  Overlord x2  
  32  5:58  Drone  
  33  6:16  Mutalisk x3  
  33  6:18  Zerg Flyer Weapons Level 1  
  39  6:19  Mutalisk x2  
  39  6:20  Mutalisk  
  45  6:26  Extractor  
  44  6:34  Drone x2  
  45  7:12  Drone x3  
  45  7:15  Mutalisk x3  
  48  7:17  Overlord x2  
  48  7:19  Drone  
  48  7:22  Drone x3  
  58  7:30  Drone x3  
  58  7:33  Extractor  
  60  7:54  Infestation Pit  
  59  8:03  Evolution Chamber  
  58  8:07  Drone  
  58  8:08  Drone  
  58  8:09  Spore Crawler  
  58  8:11  Drone x2  
  58  8:12  Drone  
  62  8:17  Drone  
  62  8:18  Drone x2  
  62  8:19  Drone  
  48  8:44  Roach x4  
  48  8:45  Roach x4  
  48  8:46  Roach x2  
  67  9:10  Hive  
  67  9:16  Mutalisk x5  
  75  9:20  Mutalisk  
  79  9:26  Extractor  
  79  9:27  Drone  
  79  9:31  Extractor  
  78  9:41  Roach  
  78  9:42  Overlord  
  78  9:43  Overlord  
  78  9:45  Hatchery  
  79  9:49  Zerg Melee Weapons Level 1  
  75  10:22  Spore Crawler  
  74  10:32  Spire  
  73  10:36  Spore Crawler  
  73  10:40  Drone x2, Spine Crawler  
  73  10:43  Drone x3  
  73  10:48  Drone x3  
  79  10:50  Drone  
  79  10:51  Drone x3  
  83  10:58  Queen  
  83  10:59  Drone  
  83  11:02  Overlord x2  
  86  11:14  Ultralisk Cavern  
  85  11:25  Drone x2  
  87  11:43  Zerg Ground Armor Level 1, Mutalisk  
  87  11:44  Mutalisk x2  
  93  11:48  Drone x2  
  93  11:50  Drone x2  
  93  11:53  Drone x3  
  100  12:25  Ultralisk x2  
  100  12:26  Ultralisk  
  100  12:29  Overlord x2  
  118  12:30  Overlord  
  109  13:12  Spore Crawler  
  104  13:17  Spore Crawler  
  104  13:18  Spore Crawler  
  104  13:19  Drone x5  
  107  13:25  Extractor  
  106  13:28  Spore Crawler  
  103  13:37  Zerg Melee Weapons Level 2  
  103  13:43  Ultralisk  
  103  13:44  Ultralisk x4  
  103  13:45  Ultralisk  
  139  13:53  Overlord x4  
  120  14:12  Mutalisk x4  
  120  14:15  Mutalisk  
  130  14:33  Hatchery  
  129  14:47  Ultralisk x4  
  129  14:51  Mutalisk  
  155  15:18  Drone x2  
  155  15:19  Drone x4  
  161  15:25  Extractor  
  148  15:52  Mutalisk  
  148  15:53  Mutalisk x5  
Show
View Real Time Build Order
Export as new Build Order

Throwfordays Terran 

Build Orders:  

Get SALT Encoding   

  12  0:00  SCV  
  13  0:15  Supply Depot  
  13  0:18  SCV  
  14  0:30  SCV  
  15  0:39  Barracks  
  15  0:42  SCV  
  16  0:48  Supply Depot  
  16  0:54  SCV  
  17  0:58  Refinery  
  17  1:06  SCV  
  18  1:18  SCV  
  19  1:30  Marine  
  20  1:34  SCV  
  20  1:38  Refinery  
  21  1:41  Bunker  
  21  1:53  SCV  
  22  1:58  Marine  
  23  2:01  Supply Depot  
  23  2:05  SCV  
  24  2:15  Marine  
  24  2:18  SCV  
  24  2:22  Factory  
  26  2:33  Marine, Barracks  
  27  2:46  SCV  
  28  2:52  Bunker  
  28  2:54  Marine  
  28  2:58  SCV  
  30  3:09  Factory Reactor  
  30  3:10  SCV  
  30  3:11  Factory Tech Lab  
  30  3:12  Marine  
  32  3:30  Marine  
  32  3:32  Barracks Reactor  
  33  3:36  Orbital Command  
  33  3:40  Siege Tank  
  36  3:47  Marine  
  37  3:51  Engineering Bay  
  37  4:17  Supply Depot  
  37  4:39  Siege Tank  
  37  4:40  Supply Depot  
  37  4:42  Hi-Sec Auto Tracking  
  40  4:51  Missile Turret  
  40  5:03  Command Center  
  40  5:14  Missile Turret  
  40  5:58  Marine x2  
  40  6:03  Supply Depot x2  
  42  6:04  Terran Infantry Weapons Level 1  
  42  6:10  Starport  
  42  6:12  Widow Mine  
  42  6:16  Marine x2  
  46  6:27  Supply Depot  
  46  6:34  Marine x2, Widow Mine  
  50  6:52  Marine x2  
  52  6:55  Widow Mine  
  54  7:10  Armory  
  54  7:12  Marine x3  
  57  7:27  Missile Turret  
  59  7:30  Marine x3, Widow Mine  
  59  7:36  SCV  
  63  7:38  SCV  
  64  7:45  Starport Reactor  
  64  7:47  Missile Turret  
  64  7:48  Marine x2, SCV  
  64  7:50  SCV  
  69  8:00  SCV  
  69  8:03  SCV  
  70  8:05  Marine  
  70  8:06  Marine  
  70  8:07  Missile Turret  
  70  8:11  Factory Tech Lab  
  70  8:12  SCV  
  73  8:15  SCV  
  74  8:24  SCV  
  74  8:26  Refinery  
  74  8:27  SCV  
  74  8:29  Refinery  
  70  8:37  SCV  
  70  8:40  Stimpack  
  70  8:43  Medivac x2  
  74  8:49  SCV  
  75  9:01  SCV  
  76  9:05  Marine x3  
  79  9:12  Terran Infantry Weapons Level 2  
  79  9:13  SCV, Medivac x2  
  84  9:23  Marine x3  
  87  9:25  SCV  
  88  9:37  SCV  
  89  9:41  Marine x3  
  92  9:49  SCV  
  93  9:59  Marine  
  94  10:06  Marine  
  94  10:07  Marine  
  76  10:16  Marine, Widow Mine  
  76  10:18  Drilling Claws  
  76  10:20  Combat Shield  
  79  10:24  Marine x2  
  79  10:25  Command Center  
  81  10:37  Widow Mine  
  81  10:42  Marine  
  84  10:44  Supply Depot  
  84  10:55  Marine x2  
  86  10:59  Widow Mine  
  86  11:00  Marine  
  89  11:07  Supply Depot  
  89  11:13  Marine x2  
  89  11:16  SCV  
  89  11:18  Marine  
  93  11:20  Widow Mine  
  95  11:27  Medivac x2  
  95  11:30  Marine x2, Supply Depot  
  101  11:34  Planetary Fortress  
  101  11:36  Marine  
  102  11:42  Widow Mine  
  104  11:48  Marine x2  
  104  11:53  Marine, Supply Depot  
  107  11:57  Medivac x2  
  111  12:06  Marine x2  
  113  12:11  Marine, Orbital Command  
  113  12:14  SCV  
  115  12:17  Supply Depot  
  115  12:20  SCV  
  116  12:24  Marine x2  
  116  12:26  SCV  
  116  12:29  Marine  
  120  12:38  SCV  
  120  12:42  Marine x2  
  123  12:47  Marine  
  123  12:50  SCV  
  117  13:03  SCV  
  117  13:05  Marine  
  117  13:10  SCV  
  118  13:15  SCV  
  119  13:22  SCV  
  120  13:27  SCV  
  121  13:34  SCV  
  121  13:39  SCV  
  123  13:46  SCV  
  122  13:51  SCV  
  123  13:59  SCV  
  111  14:16  Marauder  
  109  14:18  Marine  
  109  14:19  Marine  
  111  14:28  Barracks  
  111  14:29  Barracks  
  111  14:36  Marine x2  
  111  14:37  Marauder  
  115  14:39  Engineering Bay  
  115  14:41  Supply Depot  
  115  14:54  Marine x2  
  115  14:56  SCV  
  115  14:59  Marauder  
  120  15:00  Refinery  
  120  15:03  Refinery  
  120  15:08  SCV  
  120  15:12  Marine x2, Concussive Shells  
  123  15:16  Barracks Tech Lab  
  123  15:20  SCV, Marauder  
  126  15:30  Siege Tank  
  126  15:33  SCV  
  126  15:35  Supply Depot  
  127  15:42  Marauder  
  124  15:45  SCV  
  125  15:57  SCV, Marauder  
  125  16:03  Marauder  
  133  16:09  SCV  
Tags
 
Add a new tag
Caveats
  • Supply blocks, unpowered buildings, or Contaminate may cause inaccurate times.
  • Supply counts are checked every 10 seconds.